 Dungeon Sprint DCSS version 0.26.1-10-gdfb7c7de75 (webtiles) character file.

Game seed: 18109493601245513470

132 phalm the Ruffian (level 5, 0/45 HPs)
             Began as a Vine Stalker Berserker on Apr 8, 2021.
             Was a Follower of Trog.
             Slain by a neqoxec (10 damage)
             ... in the Dungeon (Sprint II: "The Violet Keep of Menkaure").
             The game lasted 00:00:11 (14 turns).

phalm the Ruffian (Vine Stalker Berserker)            Turns: 14, Time: 00:00:11

Health: 0/45       AC:  2    Str: 19    XL:     5   Next: 15%
Magic:  0/5        EV: 14    Int:  7    God:    Trog [*.....]
Gold:   0          SH:  0    Dex: 15    Spells: 4/4 levels left

rFire    . . .     SeeInvis .     - Unarmed
rCold    . . .     Faith    .   (no shield)
rNeg     . . .     Spirit   +   a - +0 animal skin
rPois    .         Reflect  .   (no helmet)
rElec    .         Harm     .   (no cloak)
rCorr    .         Rampage  .   (no gloves)
Will     .....     NoTele   +   (no boots)
Stlth    ..........             (no amulet)
HPRegen  0.55/turn              (no ring)
MPRegen  0.09/turn              (no ring)

@: berserking (expiring), very quick
A: fangs 2, low mp 1, regeneration 1, magic shield, antimagic bite, no potion
heal 3
a: Renounce Religion, Berserk


You were in the Dungeon.
You worshipped Trog.
Trog was aware of your devotion.
You visited 1 branch

Inventory:

Armour
 a - a +0 animal skin (worn)
Scrolls
 f - a scroll of blinking
Potions
 b - a potion of curing
 c - a potion of haste
 d - 2 potions of magic
 e - a potion of berserk rage


   Skills:
 + Level 5.2 Fighting
 + Level 4.3 Armour
 + Level 4.3 Dodging
 + Level 5.7 Unarmed Combat


You had 4 spell levels left.
You didn't know any spells.
Your spell library was empty.

Dungeon Overview and Level Annotations

Branches:
Dungeon (1/1)

Altars:


Innate Abilities, Weirdness & Mutations

You have extremely sharp teeth.
Your natural rate of healing is unusually fast.
When hurt, damage is shared between your health and your magic reserves.
Your bite disrupts and absorbs the magic of your enemies.
Potions cannot restore your health.
Your magical capacity is low. (-10% MP)


Message History

You feel less energetic. The neqoxec misses you.
The crimson imp blinks!
The neqoxec closely misses you.
There is an open door here.
You hit the neqoxec. Your punch misses the neqoxec.
Your bite misses the neqoxec.
The neqoxec is lightly wounded.
You completely miss the neqoxec. You bite the neqoxec!
The neqoxec's magic leaks into the air.
You drain its magic.
The neqoxec is moderately wounded.
The neqoxec barely misses you. The neqoxec hits you.
The neqoxec barely misses you.
The crimson imp blinks!
You punch the neqoxec!
You punch the neqoxec, but do no damage.
The neqoxec is severely wounded.
You punch the neqoxec! Your bite misses the neqoxec.
The neqoxec is almost dead.
The neqoxec hits you!
* * * LOW HITPOINT WARNING * * *
The neqoxec hits you!
You die...

## ###
#5##55#
#333#
#@#
##.##
+.<.+
##.##
#+#


You could see 3 neqoxecs, an iron imp (summoned), a crimson imp (summoned) and a
shadow imp (summoned).

Vanquished Creatures
  A neqoxec (D)
1 creature vanquished.

Vanquished Creatures (others)
  A water moccasin (D)
1 creature vanquished.

Grand Total: 2 creatures vanquished

Notes
Turn   | Place    | Note
-------+----------+-------------------------------------------
     0 | D        | phalm the Vine Stalker Berserker began the quest for the
                  | Orb.
     0 | D        | Reached XP level 1. HP: 11/11 MP: 2/2
     1 | D        | Noticed a neqoxec
     1 | D        | Noticed a neqoxec
     1 | D        | Noticed a neqoxec
     1 | D        | Noticed a neqoxec
     2 | D        | Noticed a crimson imp
     2 | D        | Noticed an iron imp
     5 | D        | Noticed a quasit
     9 | D        | Killed a neqoxec
    10 | D        | Reached skill level 5 in Fighting
    10 | D        | Reached skill level 5 in Unarmed Combat
    10 | D        | Reached XP level 2. HP: 12/18 MP: 3/3
    10 | D        | Reached XP level 3. HP: 15/23 MP: 4/4
    10 | D        | Gained mutation: Your natural rate of healing is unusually
                  | fast. [Vine Stalker growth]
    10 | D        | Reached XP level 4. HP: 18/27 MP: 5/5
    10 | D        | Reached XP level 5. HP: 20/30 MP: 6/6
    10 | D        | Gained mutation: Your magical capacity is low. (-10% MP) [a
                  | neqoxec]
    12 | D        | Killed a water moccasin
    14 | D        | Slain by a neqoxec

Illustrated notes

Levels and vault maps discovered:
D:        the_violet_keep_of_menkaure [sprint2_stairs_cluster_1,
          sprint2_shoproom, sprint2_temple, sprint2_basic_supplies,
          sprint2_obstacle_6, sprint2_obstacle_2, sprint2_obstacle_7,
          sprint2_obstacle_1, sprint2_obstacle_3, sprint2_timed_cluster_1,
          sprint2_smallroom_cluster_1, sprint2_smallroom_final_cluster_1,
          sprint2_transparent_cluster_1, sprint2_second_timed_cluster_1,
          sprint2_sniper_area_1, sprint2_heavy_combat_area_1,
          sprint2_mutation_trap_area_1, sprint2_forest_area_1,
          sprint2_light_combat_area_1, sprint2_behind_water_1,
          sprint2_near_end_vault_1]

Skill      XL: |  1 |
---------------+----+-----
Fighting       | 5 |  5.2
Armour         | 4 |  4.3
Dodging        | 4 |  4.3
Unarmed Combat | 5 |  5.7

Action                   |  1- 3 |  4- 6 || total
-------------------------+-------+-------++-------
Melee: Unarmed           |     7 |     4 ||    11
       Bite              |     3 |     1 ||     4
       Punch             |       |     1 ||     1
Invok: Berserk           |     1 |       ||     1
Armor: Animal skin       |     1 |       ||     1
Dodge: Dodged            |     9 |     4 ||    13
